 Dungeon Crawl Stone Soup version bcrawl-1.21.2-1-g32d02e0829 (webtiles) character file.

Game seed: 11176136752817913932

14364 Mrkan the Basher (level 12, 0/77 HPs)
             Began as a Gargoyle Fighter on Feb 20, 2020.
             Was an Elder of Wu Jian.
             Slain by a hog (5 damage)
             ... led by Kirke
             ... on level 3 of the Lair of Beasts.
             The game lasted 00:15:45 (10889 turns).

Mrkan the Basher (Gargoyle Fighter)                Turns: 10889, Time: 00:15:46

Health: 0/77       AC: -4    Str: 29    XL:     12   Next: 15%
Magic:  12/12      EV: 13    Int:  9    God:    Wu Jian [****..]
Gold:   805        SH:  0    Dex: 10    Spells: 11/11 levels left

rFire    . . .     SeeInvis .   (weapon currently unavailable)
rCold    . . .     Gourm    .   (shield currently unavailable)
rNeg     + . .     Faith    .   (armour currently unavailable)
rPois    ∞         Spirit   .   (helmet currently unavailable)
rElec    .         Reflect  .   (cloak currently unavailable)
rCorr    .         Harm     .   (gloves currently unavailable)
MR       .....                  (boots currently unavailable)
Stlth    +.........             (no amulet)
HPRegen  0.22/turn              (ring currently unavailable)
MPRegen  0.13/turn              (ring currently unavailable)

@: mighty, pig-form, corroded, very quick
A: small, negative energy resistance 1, petrification resistance, rot immunity,
AC +8
a: Wall Jump, Serpent's Lash, Heavenly Storm, Renounce Religion


You were on level 3 of the Lair of Beasts.
You worshipped Wu Jian.
Wu Jian was greatly pleased with you.
You were very hungry.
You were a filthy swine.
You visited 2 branches of the dungeon, and saw 11 of its levels.

You collected 805 gold pieces.

Inventory:

Hand Weapons
 t - a +5 flail of protection (melded)
Armour
 c - a +1 shield (melded)
 z - the +4 scale mail of Courage (melded) {rElec Slay+4}
   (You found it on level 5 of the Dungeon)

   It affects your accuracy and damage with ranged weapons and melee attacks
   (+4).
   It insulates you from electricity.
 B - a +0 plate armour
 E - a +2 pair of boots (melded)
 J - the cursed +1 leather armour of the Lion {Int+5 Stlth-, unknown}
   (You found it on level 3 of the Lair of Beasts)

   It affects your intelligence (+5).
   It makes you less stealthy.
   It has a curse placed upon it.
Jewellery
 i - an uncursed ring of positive energy {unknown}
 n - an uncursed ring of protection from cold {unknown}
 C - an uncursed ring of resist corrosion {unknown}
Wands
 b - a wand of enslavement (11)
 h - a wand of disintegration (13)
 w - a wand of polymorph (25)
 A - a wand of random effects (6)
 I - a wand of iceblast (7)
Scrolls
 f - 2 scrolls of amnesia
 g - 4 scrolls of identify
 l - 3 scrolls of immolation
 m - 5 scrolls of teleportation
 r - a scroll of noise
 u - 4 scrolls of remove curse
 x - 2 scrolls of enchant armour
 y - 2 scrolls of enchant weapon
 F - a scroll of fear {unknown}
Potions
 a - 2 potions of lignification
 d - 2 potions of might
 j - 5 potions of curing
 k - 3 potions of ambrosia
 o - 5 potions of degeneration
 p - 3 potions of brilliance
 q - 3 potions of haste
 s - a potion of invisibility
 v - a potion of flight
 D - a potion of mutation {unknown}
 G - a potion of berserk rage
 H - a potion of magic {unknown}
Comestibles
 e - 29 rations {!d}


   Skills:
 + Level 10.0 Fighting
 * Level 12.2 Maces & Flails
 + Level 10.1 Armour
 + Level 10.2 Shields


You had 11 spell levels left.
You didn't know any spells.
Your spell library contained the following spells:

 Spells                   Type           Power        Failure   Level  Hunger
 Confuse                  Hex            #.......     77%         3    ####...
 Dazzling Spray           Conj/Hex       #.....       77%         3    ####...
 Petrify                  Tmut/Erth      #.......     99%         4    #####..
 Yara's Violent Unravell  Hex/Tmut       #.........   99%         4    #####..
 Metabolic Englaciation   Hex/Ice        #.........   100%        5    ######.
 Mana Rupture             Conj/Hex       #.........   100%        7    #######


Dungeon Overview and Level Annotations

Branches:
Dungeon (8/12)             Temple (0/1) D:6            Lair (3/6) D:8
 Shoals (0/3) Lair:2        Snake (0/3) Lair:3
    Orc: D:8-11

Altars:
Ashenzari
Dithmenos
Fedhas
Makhleb
Nemelex Xobeh
Okawaru
Qazlal
Sif Muna
Uskayaw
Vehumet
Wu Jian
Xom
The Shining One

Shops:
D:4 }   D:7 :

Annotations:
Lair:3 Kirke


Innate Abilities, Weirdness & Mutations

You are resistant to torment.
((Your stone body is resilient. (AC +8)))
You are immune to poison.
You resist negative energy. (rN+)
((You are resistant to electric shocks. (rElec)))
((You can survive without breathing.))
You are immune to petrification.
You are immune to rotting.


Message History

Your +5 flail of protection melds into your body.
Your +2 pair of boots melds into your body.
Your +1 shield melds into your body.
The +4 scale mail of Courage {rElec Slay+4} melds into your body.
Your +5 flail of protection goes still.
You bite Kirke!
Kirke is severely wounded.
Kirke zaps a wand.
The bolt of acid misses you.
You bite Kirke!
Kirke is severely wounded.
Kirke hits you.
* * * LOW HITPOINT WARNING * * *
You bite Kirke!
Kirke is severely wounded.
You hit Kirke.
Kirke is almost dead.
Kirke hits you!
* * * LOW HITPOINT WARNING * * *
The hog bites you.
You die...

..........#...≈≈≈≈≈.≈≈≈≈≈....
..(.......#P.≈.≈≈≈≈≈≈≈≈≈.....
...........h..≈≈≈≈≈≈≈≈≈.....
#..........h≈≈≈≈≈≈{≈≈.....
##.......%###...k≈........
#.......#.######.........
#......h.## #.#.......
###......h#@# ####......
.#.........h### ##.......
............##P######.P......
............[................
#.##########.#..####...####.#
## ###### #.### ## ###


You could see Kirke and 2 hogs.

Vanquished Creatures
  A hydra (Lair:2)
  A two-headed ogre (D:8)
  A centaur warrior (D:8)
  2 black mambas
  3 cane toads
  3 komodo dragons
  A rime drake (Lair:2)
  5 blink frogs (Lair:2)
  5 hippogriffs
  2 wyverns (D:8)
  7 yaks (Lair:1)
  3 hogs (Lair:3)
  A hungry ghost (D:7)
  Menkaure (D:6)
  Edmund (D:4)
  3 nagas (Lair:3)
  7 crocodiles
  A water moccasin (Lair:1)
  2 porcupines
  Duvessa (D:6)
  4 sky beasts
  A phantom (D:6)
  A black bear (D:8)
  A necrophage (D:6)
  2 ogres
  4 centaurs
  23 wolves
  2 big kobolds
  5 bullfrogs
  Dowan (D:6)
  A howler monkey (D:6)
  4 crimson imps
  A bullfrog zombie (D:3)
  A jelly (D:7)
  3 bullfrog skeletons
  2 orc priests (D:7)
  2 hounds
  3 iguanas
  Natasha (thrice) (D:4)
  3 orc wizards (D:7)
  4 worker ants
  A howler monkey zombie (D:6)
  9 adders
  A howler monkey skeleton (D:6)
  A shadow imp (D:7)
  An ooze (D:3)
  An adder zombie (D:6)
  An adder skeleton (D:8)
  A worm (D:2)
  3 leopard geckos
  11 orcs
  2 ball pythons (D:3)
  A bat zombie (D:1)
  8 giant cockroaches
  4 goblins
  13 hobgoblins
  16 jackals
  9 kobolds
  3 quokkas
  A ball python zombie (D:1)
  4 bats
  A frilled lizard (D:3)
  7 rats
221 creatures vanquished.

Vanquished Creatures (others)
  2 fungi (Lair:1)
  A plant (Lair:2)
3 creatures vanquished.

Grand Total: 224 creatures vanquished

Notes
Turn   | Place    | Note
-------+----------+-------------------------------------------
     0 | D:1      | Mrkan the Gargoyle Fighter began the quest for the Orb.
     0 | D:1      | Reached XP level 1. HP: 14/14 MP: 1/1
   106 | D:1      | Reached XP level 2. HP: 11/19 MP: 2/2
   464 | D:1      | Reached XP level 3. HP: 23/23 MP: 3/3
  1536 | D:2      | Found an ornate altar of the Wu Jian Council.
  1558 | D:2      | Became a worshipper of the Wu Jian Council
  2195 | D:3      | Reached skill level 3 in Maces & Flails
  2195 | D:3      | Reached XP level 4. HP: 29/29 MP: 4/4
  2314 | D:3      | Reached XP level 5. HP: 14/33 MP: 5/5
  2567 | D:3      | Found a faded altar of an unknown god.
  2939 | D:3      | Reached * piety under Wu Jian
  3039 | D:3      | Found a shattered altar of Ashenzari.
  3039 | D:3      | Found a shimmering blue altar of Sif Muna.
  3102 | D:3      | Found a glowing golden altar of the Shining One.
  3143 | D:3      | Found a sparkling altar of Nemelex Xobeh.
  3227 | D:4      | Noticed an ogre
  3236 | D:4      | Killed an ogre
  3236 | D:4      | Reached skill level 4 in Maces & Flails
  3236 | D:4      | Reached XP level 6. HP: 29/39 MP: 6/6
  3355 | D:4      | Found Tenaddiw's Gadget Shoppe.
  3427 | D:4      | Noticed Edmund
  3475 | D:4      | Killed Edmund
  3502 | D:4      | Noticed a sky beast
  3524 | D:4      | Killed a sky beast
  3524 | D:4      | Reached XP level 7. HP: 15/44 MP: 7/7
  3769 | D:4      | Found a hide-covered altar of Uskayaw.
  3769 | D:4      | Noticed a +0 hand axe
  3770 | D:4      | Noticed a +0 dagger
  3773 | D:4      | Found a blossoming altar of Fedhas.
  3821 | D:4      | Reached skill level 5 in Maces & Flails
  3989 | D:4      | Noticed Natasha
  3995 | D:4      | Killed Natasha
  3995 | D:4      | Reached skill level 5 in Shields
  4091 | D:4      | Reached skill level 5 in Fighting
  4091 | D:4      | Reached skill level 5 in Armour
  4191 | D:4      | Found a sparkling altar of Nemelex Xobeh.
  4395 | D:4      | Noticed Natasha
  4408 | D:4      | Killed Natasha
  4476 | D:4      | Noticed Natasha
  4482 | D:4      | Killed Natasha
  4517 | D:5      | Entered Level 5 of the Dungeon
  4528 | D:5      | Got a heavily runed scale mail
  4802 | D:6      | Reached XP level 8. HP: 50/50 MP: 8/8
  4841 | D:6      | Noticed Duvessa
  4842 | D:6      | Noticed Dowan
  4850 | D:6      | Killed Duvessa
  4850 | D:6      | Reached skill level 6 in Maces & Flails
  4855 | D:6      | Killed Dowan
  4979 | D:6      | Found a staircase to the Ecumenical Temple.
  5095 | D:6      | Found a shimmering altar of Xom.
  5098 | D:6      | Noticed Menkaure
  5107 | D:6      | Killed Menkaure
  5603 | D:6      | Reached skill level 7 in Maces & Flails
  5670 | D:6      | Found a burning altar of Makhleb.
  5671 | D:6      | Found a radiant altar of Vehumet.
  5842 | D:7      | Reached XP level 9. HP: 41/56 MP: 9/9
  5846 | D:7      | Reached ** piety under Wu Jian
  6145 | D:7      | Found Jerrunek's Book Shoppe.
  6389 | D:7      | Reached skill level 8 in Maces & Flails
  6650 | D:7      | Identified the +4 scale mail of Courage {rElec Slay+4} (You
                  | found it on level 5 of the Dungeon)
  6886 | D:8      | Found a shadowy altar of Dithmenos.
  6960 | D:8      | Noticed a centaur warrior
  6968 | D:8      | Killed a centaur warrior
  6968 | D:8      | Reached skill level 9 in Maces & Flails
  6968 | D:8      | Reached XP level 10. HP: 31/63 MP: 10/10
  7121 | D:8      | Noticed a two-headed ogre
  7132 | D:8      | Killed a two-headed ogre
  7552 | D:8      | Found a staircase to the Lair.
  7560 | D:8      | Found an iron altar of Okawaru.
  7560 | D:8      | Found a stormy altar of Qazlal.
  7849 | Lair:1   | Entered Level 1 of the Lair of Beasts
  7874 | Lair:1   | Reached skill level 10 in Maces & Flails
  7879 | Lair:1   | Reached *** piety under Wu Jian
  8053 | Lair:1   | Noticed a cane toad
  8071 | Lair:1   | Killed a cane toad
  8071 | Lair:1   | Reached XP level 11. HP: 44/69 MP: 11/11
  8740 | Lair:1   | Reached skill level 11 in Maces & Flails
  9477 | Lair:2   | Noticed a six-headed hydra
  9491 | Lair:2   | Killed a six-headed hydra
  9797 | Lair:2   | Found a staircase to the Shoals.
 10302 | Lair:3   | Reached **** piety under Wu Jian
 10304 | Lair:3   | Reached skill level 10 in Shields
 10304 | Lair:3   | Reached XP level 12. HP: 65/77 MP: 12/12
 10383 | Lair:3   | Found a staircase to the Snake Pit.
 10395 | Lair:3   | Reached skill level 12 in Maces & Flails
 10399 | Lair:3   | Reached skill level 10 in Armour
 10413 | Lair:3   | Reached skill level 10 in Fighting
 10767 | Lair:3   | Got a smoking leather armour
 10825 | Lair:3   | Noticed Kirke
 10889 | Lair:3   | Slain by a hog

Skill      XL: |  1  2  3  4  5  6  7  8  9 10 11 12 |
---------------+-------------------------------------+-----
Maces & Flails | 3 4 5 7 9 10 11 12 | 12.2
Shields        | 4 5 6 7 8 10 | 10.2
Fighting       | 4 5 6 7 8 9 10 | 10.0
Armour         | 4 5 6 7 8 9 10 | 10.1

Action                   |  1- 3 |  4- 6 |  7- 9 | 10-12 || total
-------------------------+-------+-------+-------+-------++-------
Melee: Flail             |   141 |   222 |   302 |   391 ||  1056
       Unarmed           |       |       |       |     4 ||     4
Invok: Whirlwind         |     1 |    13 |    16 |    48 ||    78
       Lunge             |       |     4 |    18 |    14 ||    36
Evoke: Wand              |       |       |       |     1 ||     1
  Use: Scroll            |       |       |    20 |       ||    20
       Potion            |       |       |       |     2 ||     2
  Eat: Chunk             |     3 |     5 |     7 |    12 ||    27
       Ration            |       |       |     2 |       ||     2
Armor: Scale mail        |    87 |   123 |    10 |   321 ||   541
       Chain mail        |       |    16 |    72 |       ||    88
       Plate armour      |       |       |   118 |       ||   118
Dodge: Dodged            |    57 |    70 |    52 |   146 ||   325
Block: Shield            |    76 |   122 |   131 |   313 ||   642
